 Dungeon Crawl Stone Soup version 0.22.0-25-g7663229ff0 (webtiles) character file.

692 IceCat the Insei (level 7, 0/43 HPs)
             Began as an Octopode Transmuter on Aug 21, 2018.
             Was an Initiate of Cheibriados.
             Slain by a bullfrog skeleton (4 damage)
             ... on level 5 of the Dungeon.
             The game lasted 00:22:12 (5687 turns).

IceCat the Insei (Octopode Transmuter)              Turns: 5687, Time: 00:22:13

Health: 0/43       AC:  1    Str: 11    XL:     7   Next: 63%
Magic:  9/13       EV: 14    Int: 16    God:    Cheibriados [......]
Gold:   252        SH:  3    Dex: 18    Spells: 6/14 levels left

rFire    + . .     SeeInvis .     - Unarmed
rCold    . . .     Gourm    .   (no shield)
rNeg     . . .     Faith    .   (helmet restricted)
rPois    .         Spirit   .   i - +3 amulet of reflection
rElec    .         Reflect  +   g - +3 ring of dexterity (curse)
rCorr    .         Harm     .   p - ring of protection from fire
MR       .....                  (no ring)
Stlth    ++++......             (no ring)
HPRegen  0.14/turn              (no ring)
MPRegen  0.13/turn              (no ring)
                                (no ring)
                                (no ring)

@: very slow
A: almost no armour, stealthy swim, amphibious, 8 rings, constrict 8, camouflage
1, gelatinous body 1
a: Bend Time, Renounce Religion


You were on level 5 of the Dungeon.
You worshipped Cheibriados.
Cheibriados was noncommittal.
You were hungry.

You visited 2 branches of the dungeon, and saw 6 of its levels.

You collected 252 gold pieces.

Inventory:

Missiles
 a - 38 arrows
 s - 3 tomahawks of returning (quivered)
Jewellery
 g - a cursed +3 ring of dexterity (left tentacle)
 i - a +3 amulet of reflection (around mantle)
 p - a ring of protection from fire (right tentacle)
 r - an uncursed amulet of the gourmand
Wands
 j - a wand of random effects (30)
Scrolls
 e - 2 scrolls of identify
 h - 5 scrolls of remove curse {unknown}
 k - 4 scrolls of amnesia {unknown}
 l - a scroll of blinking {unknown}
 m - a scroll of fog {unknown}
 o - 2 scrolls of enchant armour {unknown}
 t - 2 scrolls of magic mapping {unknown}
 v - a scroll of teleportation {unknown}
 w - a scroll of random uselessness {unknown}
 x - a scroll of fear {unknown}
Potions
 b - a potion of ambrosia {unknown}
 d - 2 potions of heal wounds {unknown}
 f - 2 potions of magic {unknown}
 n - 4 potions of curing {unknown}
 q - 2 potions of brilliance {unknown}
 z - a potion of invisibility {unknown}
 A - a potion of haste {unknown}
Comestibles
 c - 10 rations


   Skills:
 + Level 1.3 Fighting
 + Level 2.8 Dodging
 * Level 3.9 Stealth
 + Level 4.9 Unarmed Combat
 * Level 4.1 Spellcasting
 * Level 3.1 Transmutations
 * Level 2.6 Ice Magic
 - Level 2.0 Poison Magic


You had 6 spell levels left.
You knew the following spells:

 Your Spells              Type           Power        Failure   Level  Hunger
a - Beastly Appendage     Tmut           ##....       4%          1    None
b - Spider Form           Tmut/Pois      ##........   17%         3    ###....
c - Ice Form              Ice/Tmut       ##......     45%         4    ####...

Your spell library contained the following spells:

 Spells                   Type           Power        Failure   Level  Hunger
 Sticks to Snakes         Tmut           ##......     7%          2    ##.....
 Blade Hands              Tmut           ##........   77%         5    ######.


Dungeon Overview and Level Annotations

Branches:
Dungeon (5/15)             Temple (1/1) D:5

Altars:
Ashenzari
Cheibriados
Elyvilon
Fedhas
Gozag
Hepliaklqana
Kikubaaqudgha
Nemelex Xobeh
Okawaru
Qazlal
Sif Muna
Trog
Vehumet
Wu Jian
Xom
Zin

Annotations:
D:4 Eustachio


Innate Abilities, Weirdness & Mutations

You cannot wear most types of armour.
You are very stealthy in the water. (Stealth+)
You are amphibious.
You can wear up to eight rings at the same time.
You can use your tentacles to constrict eight enemies at once.
Your skin changes colour to match your surroundings (Stealth+).
Your rubbery body absorbs attacks. (AC +1, EV +1)


Message History

The gnoll sergeant looks as sick as possible!
The gnoll sergeant is almost dead.
The gnoll sergeant hits you with a trident!
* * * LOW HITPOINT WARNING * * *
You kill the gnoll sergeant!
Cheibriados thoroughly appreciates the change of pace.
Your transformation is almost over.
You block the gnoll's attack. The bullfrog skeleton misses you.
The bullfrog skeleton closely misses you.
The bullfrog skeleton closely misses you.
The flow of time bends around you.
The bullfrog skeleton resists with some effort.
You feel slightly more hungry. The bullfrog skeleton hits you.
* * * LOW HITPOINT WARNING * * *
The gnoll completely misses you. The gnoll misses you.
Your transformation has ended.
The bullfrog skeleton hits you.
You die...

#.#.#### g# #)#.#
g# #.#.##### .#
#.#.#...# .#
#.#.#...# #.#.#...#
#...'g..+
######.#g..#######
........g.Z@.......
#######.###########
#.# #.# #.# #.# #.#
#.


You could see 3 gnolls and a bullfrog skeleton.

Vanquished Creatures
  An orc warrior (D:3)
  An ogre (D:4)
  A gnoll sergeant (D:5)
  A crimson imp (D:5)
  2 orc priests (D:3)
  A centaur skeleton (D:5)
  Natasha (twice) (D:3)
  A hound skeleton (D:3)
  6 gnolls
  A howler monkey skeleton (D:5)
  10 adders
  An adder skeleton (D:5)
  7 worms
  2 dart slugs
  A leopard gecko (D:3)
  9 orcs
  3 bats
  4 giant cockroaches
  9 goblins
  7 hobgoblins
  15 jackals
  4 quokkas
  2 ball pythons
  5 frilled lizards
  8 kobolds
  A quokka skeleton (D:4)
  4 rats
109 creatures vanquished.

Notes
Turn   | Place    | Note
-------+----------+-------------------------------------------
     0 | D:1      | IceCat the Octopode Transmuter began the quest for the Orb.
     0 | D:1      | Reached XP level 1. HP: 13/13 MP: 3/3
   161 | D:1      | Reached XP level 2. HP: 8/18 MP: 3/5
   590 | D:1      | Reached XP level 3. HP: 23/23 MP: 6/6
   610 | D:1      | Reached skill level 1 in Stealth
  1114 | D:2      | Learned a level 3 spell: Spider Form
  1121 | D:2      | Reached skill level 1 in Poison Magic
  1715 | D:2      | Reached XP level 4. HP: 19/28 MP: 3/7
  2164 | D:2      | Reached XP level 5. HP: 12/33 MP: 5/8
  2462 | D:1      | Learned a level 4 spell: Ice Form
  2939 | D:3      | Noticed an orc warrior
  3371 | D:3      | Noticed Natasha
  3390 | D:2      | Reached skill level 1 in Ice Magic
  3590 | D:3      | Killed Natasha
  3590 | D:3      | Reached XP level 6. HP: 21/38 MP: 7/10
  3639 | D:3      | Noticed Natasha
  3890 | D:3      | Killed Natasha
  4229 | D:3      | Killed an orc warrior
  4760 | D:4      | Reached XP level 7. HP: 43/43 MP: 12/12
  4945 | D:4      | Noticed Eustachio
  5165 | D:5      | Entered Level 5 of the Dungeon
  5225 | D:5      | Found a staircase to the Ecumenical Temple.
  5243 | Temple   | Entered the Ecumenical Temple
  5249 | Temple   | Became a worshipper of Cheibriados the Contemplative
  5687 | D:5      | Slain by a bullfrog skeleton

Skill      XL: |  1  2  3  4  5  6  7 |
---------------+----------------------+-----
Stealth        | 1 2 3 |  3.9
Poison Magic   | 1 2 |  2.0
Unarmed Combat | 4 |  4.9
Ice Magic      | 1 2 |  2.6
Spellcasting   | 3 4 |  4.1
Transmutations | 3 |  3.1
Fighting       | |  1.3
Dodging        | |  2.8

Action                   |  1- 3 |  4- 6 |  7- 9 || total
-------------------------+-------+-------+-------++-------
Melee: Unarmed           |    60 |   186 |    68 ||   314
       Constrict         |    11 |    23 |     1 ||    35
       Kick              |     3 |       |       ||     3
       Tentacles         |     4 |    19 |     1 ||    24
       Punch             |     2 |     3 |       ||     5
 Cast: Beastly Appendage |     4 |       |       ||     4
       Spider Form       |     1 |    21 |     9 ||    31
Invok: Bend Time         |       |       |     1 ||     1
  Use: Scroll            |       |     1 |       ||     1
 Stab: Sleeping          |     5 |     5 |     3 ||    13
  Eat: Chunk             |     2 |    11 |     3 ||    16
       Ration            |       |     1 |       ||     1
Armor: Skin              |     5 |     9 |     4 ||    18
Dodge: Dodged            |    29 |    94 |    56 ||   179
Block: Other             |       |    12 |     6 ||    18
